Cogmind - Beta 14 @@@ ROGUE MODE // 2024.08.11 @ 05:13:05 Player: Zaros426 Result: Destroyed by exploding Fusion Modulator Performance ------------- Evolutions (3) 1500 Regions Visited (6) 1200 Robots Destroyed (95) 475 Value Destroyed (4824) 4824 Prototype IDs (5) 100 Alien Tech Used (0) 0 Bonus (2256) 2256 TOTAL SCORE: 10355 Bonus ------- High Alert Combat Kills 913 Follower Combat Kills 143 Entered Garrisons 200 Used RIF Installer 1000 Cogmind --------- Core Integrity 0/700 Matter 47/300 Energy 56/150 System Corruption 4% Temperature Cool (24) Movement Flying (107) Ox1 Location -7/Factory Parts ------- > --- POWER (1) -------- Micro Nuclear Core > --- PROPULSION (4) --- Airjet Gravmag System VTOL Module Improved VTOL Module > --- UTILITY (6) ------ Signal Interpreter Relay Coupler [Sentry] (19) Relay Coupler [Sentry] (24) Relay Coupler [Hunter] (4) > --- WEAPON (2) ------- Datajack Remote Datajack > --- INVENTORY (5) ---- Advanced ECM Suite Improved Medium Armor Plating Peak State ------------ > --- POWER ------------ Improved Ion Engine > --- PROPULSION ------- Light Treads Light Treads Light Treads Light Treads > --- UTILITY ---------- Improved Heat Sink Improved Heat Sink High-capacity Storage Unit Improved Medium Armor Plating Improved Medium Armor Plating Improved Medium Armor Plating > --- WEAPON ----------- Remote Datajack Hammer > --- INVENTORY -------- Signal Interpreter Improved Medium Armor Plating Improved Medium Armor Plating Improved Medium Armor Plating Improved Medium Armor Plating Improved Medium Armor Plating Relay Coupler [Swarmer] Relay Coupler [Grunt] Relay Coupler [Brawler] Relay Coupler [Sentry] Relay Coupler [Sentry] Relay Coupler [Sentry] Relay Coupler [Sentry] Relay Coupler [Sentry] Relay Coupler [Hunter] Relay Coupler [Hunter] Beam Rifle Particle Gun [Rating: 36] Favorites ----------- Power Ion Engine Engine Ion Engine Power Core Light Nuclear Core Propulsion Light Treads Treads Light Treads Leg Aluminum Leg Hover Unit Airjet Flight Unit VTOL Module Utility High-capacity Storage Unit Device Improved Heat Sink Storage High-capacity Storage Unit Processor Signal Interpreter Hackware System Shield Protection Improved Medium Armor Plating Weapon Beam Cannon Energy Gun Beam Rifle Energy Cannon Beam Cannon Ballistic Gun Light Assault Rifle Ballistic Cannon Light Cannon Launcher Rocket Launcher Special Weapon Remote Datajack Impact Weapon Hammer Special Melee Weapon Improved Datajack Build | -11 -10 -10 -10 -8 -8 -7 ------- Run | Yrd Mat Min Sub Mat Gar Fac Slots Evolved 6 | . . . . 4 . 2 Power . | . . . . . . . Propulsion 2 | . . . . 2 . . Utility 4 | . . . . 2 . 2 Weapon . | . . . . . . . Parts Attached 152 | 7 12 5 7 7 85 29 Power 16 | 1 2 2 . . 9 2 Engine 9 | 1 2 2 . . 3 1 Core 7 | . . . . . 6 1 Reactor . | . . . . . . . Propulsion 47 | 2 3 1 2 2 33 4 Treads 29 | 2 3 1 2 2 19 . Leg 14 | . . . . . 14 . Wheel . | . . . . . . . Hover 2 | . . . . . . 2 Flight 2 | . . . . . . 2 Utility 39 | 2 2 1 3 2 13 16 Device 13 | 1 . . 2 2 5 3 Storage 2 | 1 1 . . . . . Processor 5 | . 1 1 1 . 1 1 Hackware 6 | . . . . . . 6 Protection 13 | . . . . . 7 6 Artifact . | . . . . . . . Weapon 50 | 2 5 1 2 3 30 7 Energy Gun 6 | . 1 . . . 2 3 Energy Cannon 16 | . 2 1 . 2 11 . Ballistic Gun 6 | 2 1 . . . 3 . Ballistic Cannon 1 | . 1 . . . . . Launcher 8 | . . . 2 . 6 . Special Weapon 6 | . . . . . 3 3 Impact Weapon 3 | . . . . . 3 . Slashing Weapon . | . . . . . . . Piercing Weapon . | . . . . . . . Special Melee Weapon 4 | . . . . 1 2 1 Unidentified Prototypes 1 | . . . . . . 1 Parts Lost 34 | . . 1 2 . 21 10 Power 4 | . . . . . 2 2 Propulsion 15 | . . 1 1 . 9 4 Utility 7 | . . . 1 . 3 3 Weapon 8 | . . . . . 7 1 Highest Loss Streak 10 | . . 1 1 . 7 10 To Critical Strikes 1 | . . . 1 . . . Average Slot Usage (%) 97 | . 99 100 99 98 95 90 Engine 9 | . 14 14 14 9 4 6 Core 1 | . . . . . 4 . Treads 24 | . 28 28 27 36 18 25 Leg 5 | . . . . . 15 . Device 7 | . 1 . 9 16 14 9 Storage 11 | . 14 14 14 9 9 6 Processor 8 | . 12 14 4 9 5 . Protection 3 | . . . . . 6 16 Energy Gun 1 | . 2 . . . 2 2 Energy Cannon 12 | . 17 28 . 5 7 . Ballistic Gun 1 | . 6 . . . 1 . Launcher 4 | . . . 28 10 . . Special Weapon 1 | . . . . . 2 4 Impact Weapon 1 | . . . . . 2 6 Peak Build Rating 36 | 7 10 9 10 15 31 36 Average Rating 15 | 4 8 8 9 13 21 31 On Entrance 11 | . 7 8 9 10 13 30 Naked Turns 2 | . . . . . . 2 Heaviest Build 75 | 11 51 51 53 54 68 75 Greatest Support 80 | 40 40 40 40 80 80 80 Greatest Overweight (x) 14 | . 1 1 1 . 14 3 Average Overweight (x) . | . . 1 1 . . . Largest Inventory Capacity 20 | 8 20 20 20 20 20 20 Average Capacity 19 | 7 19 20 20 20 20 18 Most Carried 20 | . 20 20 18 15 20 20 Average Carried 16 | . 15 19 17 12 15 17 Final Capacity 20 | 8 20 20 20 20 20 5 Final Carried 20 | . 15 19 16 13 20 2 Class Distribution -------------------- 69% | Mutant 18% | Scavenger-Mutant 12% | Bothacker-Mutant Dominant Class ---------------- Mutant | -10/Materials Mutant | -10/Mines Mutant | -10/Subcaves Mutant | -8/Materials Scavenger-Mutant | -8/Garrison Bothacker-Mutant | -7/Factory Resources | -11 -10 -10 -10 -8 -8 -7 ----------- Run | Yrd Mat Min Sub Mat Gar Fac Matter Collected 2243 | 284 427 51 58 . 1317 106 Remotely . | . . . . . . . Salvage Created 3061 | 73 563 647 134 . 1516 128 Parts 168 | 6 34 38 14 . 72 4 Haulers Intercepted 1 | . 1 . . . . . Recyclers Shooed 4 | . 2 2 . . . . Parts Field Recycled . | . . . . . . . Retrieved Matter . | . . . . . . . Parts Self-Destructed 10 | . . . 10 . . . Prevented . | . . . . . . . Kills | -11 -10 -10 -10 -8 -8 -7 ------- Run | Yrd Mat Min Sub Mat Gar Fac Combat Hostiles Destroyed 77 | . 10 12 10 . 42 3 Melee 2 | . . . . . 2 . Guns 17 | . 4 . . . 12 1 Cannons 38 | . 6 11 . . 21 . AOE 19 | . . 1 10 . 7 1 Classes Destroyed 17 | 2 4 2 1 . 7 1 Worker 1 | . . 1 . . . . Builder 2 | . . 2 . . . . Tunneler 3 | 1 . 2 . . . . Hauler 1 | . 1 . . . . . Recycler 6 | 1 2 3 . . . . Mechanic 1 | . . . . . . 1 Watcher 4 | . 3 . . . 1 . Swarmer 18 | . 3 5 4 . 6 . Cutter 3 | . . . . . 3 . Saboteur 4 | . . . . . 4 . Grunt 32 | . 7 7 . . 15 3 Brawler 1 | . . . . . 1 . Duelist 1 | . . . . . 1 . Sentry 7 | . . . . . 7 . Hunter 1 | . . . . . 1 . Programmer 2 | . . . . . 2 . Subdweller 6 | . . . 6 . . . Thug 1 | . . . . . 1 . Savage 1 | . . . . . 1 . Best Kill Streak 4 | 1 3 3 4 . 4 2 Combat Bots Only 4 | . 2 3 4 . 4 2 Max Kills in Single Turn 4 | 1 1 3 4 . 4 1 Gunslinging . | . . . . . . . Exploded 4 | . . 1 4 . 4 1 Melee 1 | . . . . . 1 . Uniques/NPCs Destroyed . | . . . . . . . Combat | -11 -10 -10 -10 -8 -8 -7 -------- Run | Yrd Mat Min Sub Mat Gar Fac Hostile Shots Fired 669 | . 49 57 38 . 294 231 Missed 202 | . 11 13 14 . 85 79 Damage Taken 6994 | . 486 470 387 . 2763 2888 Core 1261 | . 95 97 47 . 321 701 Absorbed by Shields 506 | . . . . . 506 . Core Remaining (%) 48 | 100 . . 4 . 41 . Volleys Fired 329 | 7 54 51 7 . 167 43 Largest 2 | 2 2 2 2 . 2 1 Hottest 120 | 40 120 120 63 . 120 56 Shots Fired 536 | 14 107 102 10 . 260 43 Gun 204 | 14 68 . . . 102 20 Cannon 280 | . 39 102 . . 139 . Launcher 22 | . . . 10 . 12 . Special 30 | . . . . . 7 23 Kinetic 139 | 14 69 . . . 56 . Thermal 345 | . 38 102 . . 185 20 Explosive 22 | . . . 10 . 12 . Electromagnetic . | . . . . . . . Robot Hit Streak 26 | 4 10 6 8 . 26 8 Robot Miss Streak 8 | 1 5 4 1 . 5 8 Penetration Max . | . . . . . . . Secondary Targets 3 | . 1 . . . 2 . Max Gunslinging Chain 1 | . 1 . . . 1 . Shots Hit Robots 361 | 10 74 49 8 3 186 31 Core Hits 153 | 5 28 21 15 . 80 4 Critical Kills . | . . . . . . . Critical Parts Destroyed 1 | . . . . . . 1 Critical Strikes 5 | . . . . . 3 2 Burn 4 | . . . . . 3 1 Smash 1 | . . . . . . 1 Melee Attacks 62 | . . . . 3 50 9 Impact 44 | . . . . . 35 9 Slashing . | . . . . . . . Piercing . | . . . . . . . Sneak Attacks 15 | . . . . 3 12 . Combat Hostiles 2 | . . . . . 2 . Follow-up Attacks . | . . . . . . . Damage Inflicted 7161 | 79 935 980 957 . 3873 337 Guns 1828 | 79 471 . . . 1074 204 Cannons 3004 | . 464 892 . . 1648 . Explosions 2123 | . . 88 957 . 1078 . Melee 172 | . . . . . 72 100 Ramming 34 | . . . . . 1 33 Kinetic 1181 | 79 496 . . . 606 . Thermal 3739 | . 439 980 . . 2116 204 Explosive 2035 | . . . 957 . 1078 . Electromagnetic . | . . . . . . . Impact 172 | . . . . . 72 100 Slashing . | . . . . . . . Piercing . | . . . . . . . Highest Corruption 4 | . . . . . 3 4 Average Corruption 3 | . . . . . 2 3 Corruption Purged . | . . . . . . . Corruption Blocked . | . . . . . . . Effects 34 | . . . . . 32 2 Message Errors 11 | . . . . . 10 1 Matter Fused 9 | . . . . . 8 1 Heat Flow Errors 1 | . . . . . 1 . Energy Discharges 5 | . . . . . 5 . Data Loss (minor) 3 | . . . . . 3 . Data Loss (major) 1 | . . . . . 1 . Alerts 1 | . . . . . 1 . Weapon Failures 3 | . . . . . 3 . Overload Shots . | . . . . . . . Overflow Damage 183 | . . 17 . . 139 27 Projectiles 31 | . . 17 . . 14 . Explosions 125 | . . . . . 125 . Melee 27 | . . . . . . 27 Knockbacks 3 | . 2 . . . . 1 Impact 1 | . . . . . . 1 Kinetic 2 | . 2 . . . . . Secondary . | . . . . . . . Self-Inflicted Damage 56 | . . . 24 . 32 . Shots 2 | . . . 1 . 1 . Rammed 1 | . . . . . . 1 Targets Rammed 3 | . . . . . 1 2 Kicked 1 | . . . . . 1 . Crushed 1 | . . . . . . 1 Highest Temperature 464 | . 264 464 . . 142 224 Average Temperature 79 | . 62 119 . . 35 103 Received Heat Transfer 2521 | . 270 183 90 . 1015 963 Effects 1 | . . 1 . . . . Energy Bleed 1 | . . 1 . . . . Siege Activations . | . . . . . . . Robots Corrupted 1 | . . . . . . 1 Combat Hostiles 1 | . . . . . . 1 Parts Fried 2 | . . . . . . 2 Impact Corruptions 1 | . . . . . . 1 Robots Melted . | . . . . . . . Combat Hostiles . | . . . . . . . Parts Melted 12 | . 1 3 . . 8 . Heat Transferred 8273 | . 962 2000 . . 4884 427 Parts Sabotaged 18 | . . . . . 18 . Parts Stolen . | . . . . . . . Parts Stripped . | . . . . . . . Power Chain Reactions . | . . . . . . . Alert | -11 -10 -10 -10 -8 -8 -7 ------- Run | Yrd Mat Min Sub Mat Gar Fac Peak Influence 2755 | 10 215 179 . 77 2755 1545 Initial 1446 | . 6 47 . 57 52 1446 Average 715 | 3 89 68 . 66 1328 1423 Maximum Alert Level 5 | . 1 . . . 5 4 Low Security (%) 50 | 100 93 100 . 100 5 . Level 1 3 | . 6 . . . 6 . Level 2 7 | . . . . . 18 . Level 3 7 | . . . . . 17 . Level 4 14 | . . . . . 15 100 Level 5 15 | . . . . . 36 . High Security . | . . . . . . . Max Security . | . . . . . . . Squads Dispatched 6 | . 1 . . . . 5 Investigation 1 | . . . . . . 1 Extermination 1 | . . . . . . 1 Reinforcement 2 | . 1 . . . . 1 Assault 2 | . . . . . . 2 Garrison . | . . . . . . . Intercept . | . . . . . . . Searches Triggered . | . . . . . . . Construction Impeded . | . . . . . . . Haulers Reinforced . | . . . . . . . Active Scanning Responses . | . . . . . . . Cargo Convoy Interrupts . | . . . . . . . Stealth | -11 -10 -10 -10 -8 -8 -7 --------- Run | Yrd Mat Min Sub Mat Gar Fac Distress Signals 5 | . 4 1 . . . . Communications Jammed . | . . . . . . . Distress Signals . | . . . . . . . Times Spotted 136 | . 17 16 11 1 58 33 Peak Tracking Total 17 | . 3 3 6 1 6 17 Tactical Retreats 9 | . 1 . 1 . 3 4 Traps | -11 -10 -10 -10 -8 -8 -7 ------- Run | Yrd Mat Min Sub Mat Gar Fac Traps Triggered 9 | . . . 2 . 7 . Indirectly . | . . . . . . . Trap Hack Attempts . | . . . . . . . Triggered . | . . . . . . . Disarmed . | . . . . . . . Reprogrammed . | . . . . . . . Reused 2 | . . . 1 . 1 . Traps Extracted . | . . . . . . . Installed 4 | . . 1 1 . 2 . Triggered 1 | . . . . . 1 . Most Traps Carried 4 | . . 4 3 2 2 . Machines | -11 -10 -10 -10 -8 -8 -7 ---------- Run | Yrd Mat Min Sub Mat Gar Fac Machines Disabled 21 | . 2 1 . . 17 1 Max in Single Turn 2 | . 2 1 . . 2 1 Garrison Relay 10 | . . . . . 10 . Phase Generator 1 | . . . . . 1 . Machines Repaired . | . . . . . . . Machines Dismantled . | . . . . . . . Machines Sabotaged . | . . . . . . . Overloaded Fab Kills . | . . . . . . . Hacking | -11 -10 -10 -10 -8 -8 -7 --------- Run | Yrd Mat Min Sub Mat Gar Fac Machines Accessed 19 | . 8 1 . 2 2 6 Terminals 15 | . 7 1 . 1 2 4 Fabricators 1 | . . . . . . 1 Repair Stations 1 | . 1 . . . . . Recycling Units . | . . . . . . . Scanalyzers 1 | . . . . . . 1 Garrison Access 1 | . . . . 1 . . Total Hacks 49 | . 20 5 . 5 6 13 Successful 21 | . 12 4 . 2 1 2 Failed 26 | . 7 . . 3 5 11 Catastrophic 3 | . 1 . . . 1 1 Database Lockouts 2 | . 1 1 . . . . Manual 19 | . 8 4 . 3 . 4 Terminals 40 | . 19 5 . 3 6 7 Fabricators 3 | . . . . . . 3 Repair Stations 1 | . 1 . . . . . Recycling Units . | . . . . . . . Scanalyzers 3 | . . . . . . 3 Garrison Access 2 | . . . . 2 . . Terminal Hacks 15 | . 10 4 . . 1 . Record 1 | . 1 . . . . . Robot Analysis 2 | . 1 1 . . . . Prototype ID Bank 3 | . 2 1 . . . . Branch Access Points 1 | . 1 . . . . . Emergency Access Points 1 | . . . . . 1 . Alert Level 1 | . 1 . . . . . Locate Traps 3 | . 3 . . . . . Dispatch Records 1 | . . 1 . . . . Zone Layout 2 | . 1 1 . . . . Fabricator Hacks . | . . . . . . . Repair Station Hacks 1 | . 1 . . . . . Scan Component 1 | . 1 . . . . . Recycling Unit Hacks . | . . . . . . . Scanalyzer 1 | . . . . . . 1 Insert Component 1 | . . . . . . 1 Garrison Access Hacks 1 | . . . . 1 . . Unlock Access 1 | . . . . 1 . . Unauthorized Hacks 3 | . 1 . . 1 . 1 Terminals 3 | . 1 . . 1 . 1 Botnet 3 | . 1 . . 1 . 1 Fabricators . | . . . . . . . Repair Stations . | . . . . . . . Recycling Units . | . . . . . . . Scanalyzers . | . . . . . . . Garrison Access . | . . . . . . . Data Cores Recovered . | . . . . . . . Used . | . . . . . . . Hacking Detections 16 | . 6 1 . 1 2 6 Full Trace Events 2 | . . . . . 1 1 Feedback Events . | . . . . . . . Feedback Blocked . | . . . . . . . Robot Schematics Acquired . | . . . . . . . Robots Built . | . . . . . . . Authchips . | . . . . . . . Time . | . . . . . . . Total Robot Build Rating . | . . . . . . . Part Schematics Acquired . | . . . . . . . Parts Built . | . . . . . . . Authchips . | . . . . . . . Time . | . . . . . . . Total Part Build Rating . | . . . . . . . Parts Repaired . | . . . . . . . Time . | . . . . . . . Parts Recycled . | . . . . . . . Recycled Matter . | . . . . . . . Retrieved Matter . | . . . . . . . Retrieved Components . | . . . . . . . Parts Scanalyzed 1 | . . . . . . 1 Part Schematics Acquired . | . . . . . . . Parts Damaged . | . . . . . . . Bothacking | -11 -10 -10 -10 -8 -8 -7 ------------ Run | Yrd Mat Min Sub Mat Gar Fac Used RIF Installer 2 | . . . . . 2 . Structural Interface 1 | . . . . . 1 . Robots Hacked 12 | . . . . 1 1 10 Non-combat 4 | . . . . 1 1 2 Combat 8 | . . . . . . 8 Robot Hacks Applied 20 | . . . . 2 2 16 parse_system 3 | . . . . 1 2 . no_distress 2 | . . . . 1 . 1 check_alert 1 | . . . . . . 1 find_shortcuts 1 | . . . . . . 1 find_garrison 1 | . . . . . . 1 scatter_targeting 1 | . . . . . . 1 link_complan 1 | . . . . . . 1 broadcast_data 1 | . . . . . . 1 disrupt_area 1 | . . . . . . 1 spike_heat 1 | . . . . . . 1 overload_power 6 | . . . . . . 6 formatsys_high 1 | . . . . . . 1 Relay Couplers Released 48 | . . . . . 48 . Machine Destruction 48 | . . . . . 48 . Attached 5 | . . . . . . 5 Fabnet Peak Effective % . | . . . . . . . Robots Rewired 7 | . . . . . 7 . Allies Hacked . | . . . . . . . Hacks Repelled . | . . . . . . . Allies | -11 -10 -10 -10 -8 -8 -7 -------- Run | Yrd Mat Min Sub Mat Gar Fac Total Allies 12 | . . 4 . . 7 1 Largest Group 5 | . . 3 1 . 5 1 Highest-Rated Group 63 | . . 40 31 . 63 21 Highest-Rated Ally 31 | . . 31 31 . 21 21 Total Orders 2 | . . . . . 2 . STAY 1 | . . . . . 1 . FOLLOW 1 | . . . . . 1 . Ally Attacks 39 | . . 24 . . 14 1 Total Damage 360 | . . 209 . . 117 34 Kills 7 | . . 4 . . 2 1 Allies Corrupted . | . . . . . . . Allies Melted . | . . . . . . . Intel | -11 -10 -10 -10 -8 -8 -7 ------- Run | Yrd Mat Min Sub Mat Gar Fac Robot Analysis Total 2 | . 1 1 . . . . Derelict Logs Recovered 3 | . . 1 2 . . . Drone Launches . | . . . . . . . Drone Recoveries . | . . . . . . . Exploration | -11 -10 -10 -10 -8 -8 -7 ------------- Run | Yrd Mat Min Sub Mat Gar Fac Turns Passed 9694 | 79 1512 2382 1384 135 3560 642 Spaces Moved 3927 | 35 536 799 556 76 1546 379 Core 7 | 4 . . . . 1 2 Treads 3184 | 31 536 799 556 76 931 255 Legs 614 | . . . . . 614 . Wheels . | . . . . . . . Hover . | . . . . . . . Flight 122 | . . . . . . 122 Fastest Speed 32 | 50 160 240 240 160 160 32 Average Speed 200 | 147 238 240 243 160 175 120 Slowest Speed 750 | 160 240 240 250 160 750 400 Overloaded Moves . | . . . . . . . Propulsion Burnouts . | . . . . . . . Robots Hopped 2 | . . . . . . 2 Cave-ins Triggered . | . . . . . . . Exploration Rate (%) 49 | 3 86 100 39 9 97 14 Regions Visited 6 Branch Regions 2 Pre-discovered Areas 4 | . . 1 3 . . . Known Exits Taken 4 | . 1 1 1 1 . . Unknown Exits Taken 1 | 1 . . . . . . Scrap Searched 3 | . . 3 . . . . Spaces Dug 10 | . . . 5 . 4 1 Terrain Destroyed 209 | . 48 13 49 . 98 1 Melee 5 | . . . . . 4 1 Projectile . | . . . . . . . AOE 204 | . 48 13 49 . 94 . Terrain Rammed . | . . . . . . . Walls Destroyed . | . . . . . . . Machines Disabled . | . . . . . . . Actions | -11 -10 -10 -10 -8 -8 -7 --------- Run | Yrd Mat Min Sub Mat Gar Fac Total 5127 | 48 681 1165 572 87 2068 506 Wait 488 | . 36 292 . . 123 37 Move 3918 | 34 535 798 555 76 1545 375 Hop 2 | . . . . . . 2 Pick Up 93 | . 27 11 1 1 47 6 Fast Attach 40 | 7 . . . . 25 8 Attach 47 | . 3 2 2 4 24 12 Detach 2 | . . . . . 2 . Swap 65 | . 9 3 5 3 36 9 Drop 59 | . 17 7 1 . 31 3 Fire 329 | 7 54 51 7 . 167 43 Melee 62 | . . . . 3 50 9 Ram . | . . . . . . . Kick 1 | . . . . . 1 . Crush 2 | . . . . . . 2 Escape Stasis 15 | . . . . . 15 . Rewire . | . . . . . . . Trap 4 | . . 1 1 . 2 . Miscellaneous . | . . . . . . . Route ------- -11/Scrapyard -10/Materials (discovered 4 exits: *Mat x2 / *Min x2) -10/Mines (discovered 3 exits: *Mat x2 / *Sub) -10/Subcaves (discovered 2 exits: *Mat / [*Rec]) -8/Materials -8/Garrison (discovered 3 exits: *Fac x3) -7/Factory History --------- Turn | Location | Event 7 | -11/Scrapyard | Discovered new exit (range 15) 80 | -11/Scrapyard | Entered Materials 310 | -10/Materials | Build established: Mutant 931 | -10/Materials | Discovered new exit (range 4) 985 | -10/Materials | Central database locked down 1228 | -10/Materials | Discovered new exit (range 14) 1397 | -10/Materials | Identified exit to Mines 1452 | -10/Materials | Discovered new exit (range 16) 1592 | -10/Materials | Entered Mines 1645 | -10/Mines | Discovered new exit (range 6) 1666 | -10/Mines | Discovered new exit (range 6) 1671 | -10/Mines | Received a Rocket Launcher from a helpful Derelict 1829 | -10/Mines | Identified exit to Materials 1964 | -10/Mines | Assisted by bots powering up and referring to "LRC-V3" 2035 | -10/Mines | Found a hidden stash of uninstalled traps 2433 | -10/Mines | Discovered new exit (range 3) 2435 | -10/Mines | Identified exit to Subcaves 2506 | -10/Mines | Excavation squad dispatched 2506 | -10/Mines | A large section of the Mines collapsed 2756 | -10/Mines | Excavation squad dispatched 3054 | -10/Mines | Core integrity fell below 50% 3579 | -10/Mines | Central database locked down 3724 | -10/Mines | Received a Mining Laser from a helpful Derelict 3974 | -10/Mines | Entered Subcaves 3974 | -10/Subcaves | Accompanied by 1 ally 4330 | -10/Subcaves | Core integrity fell below 20% 4851 | -10/Subcaves | Discovered new exit (range 7) 4856 | -10/Subcaves | Ambushed by Subdweller buried in earth 4856 | -10/Subcaves | Ambushed by Subdweller buried in earth 4900 | -10/Subcaves | Identified exit to Materials 4951 | -10/Subcaves | Learned location of Zion (-7) 4951 | -10/Subcaves | Met a Zionite searching for "candidates" 5184 | -10/Subcaves | A swath of the cavern ceiling suddenly collapsed 5216 | -10/Subcaves | Discovered new exit (range 12) 5358 | -10/Subcaves | Entered Materials 5358 | -8/Materials | Evolved 4 slots: Propulsion x2, Utility x2 5493 | -8/Materials | Identified exit to Garrison 5493 | -8/Materials | Entered Garrison 5691 | -8/Garrison | Triggered checkpoint 5691 | -8/Garrison | Garrison Relay disabled 5898 | -8/Garrison | Phase Generator disabled 6073 | -8/Garrison | Garrison Relay disabled 6319 | -8/Garrison | Lost 7 parts (1p2n1u3w) 6357 | -8/Garrison | Triggered checkpoint 6504 | -8/Garrison | Spotted B-75 Beast 6573 | -8/Garrison | Triggered checkpoint 6643 | -8/Garrison | Discovered new exit (range 14) 6833 | -8/Garrison | Triggered checkpoint 6837 | -8/Garrison | Triggered checkpoint 6840 | -8/Garrison | Garrison Relay disabled 6919 | -8/Garrison | Garrison Relay disabled 6992 | -8/Garrison | Installed Relay Interface Framework 7053 | -8/Garrison | Build established: Scavenger-Mutant 7141 | -8/Garrison | Triggered checkpoint 7178 | -8/Garrison | Lost 3 allies 7225 | -8/Garrison | Triggered checkpoint 7367 | -8/Garrison | Triggered checkpoint 7421 | -8/Garrison | Garrison Relay disabled 7504 | -8/Garrison | Expanded RIF knowledge: Structural Interface 7768 | -8/Garrison | Discovered new exit (range 13) 8090 | -8/Garrison | Discovered new exit (range 10) 8274 | -8/Garrison | Core integrity fell below 50% 8312 | -8/Garrison | Garrison Relay disabled 8319 | -8/Garrison | Lost 6 parts (1p2n2u1w) 8345 | -8/Garrison | Triggered checkpoint 8354 | -8/Garrison | Garrison Relay disabled 8397 | -8/Garrison | Garrison Relay disabled 8414 | -8/Garrison | Garrison Relay disabled 8420 | -8/Garrison | Garrison Relay disabled 8699 | -8/Garrison | Build established: Bothacker-Mutant 8772 | -8/Garrison | Identified exit to Factory 9053 | -8/Garrison | Entered Factory 9053 | -7/Factory | Evolved 2 slots: Utility x2 9453 | -7/Factory | First assault squad dispatched 9631 | -7/Factory | Released all parts (7) 9632 | -7/Factory | Core integrity fell below 50% 9647 | -7/Factory | Core integrity fell below 20% 9656 | -7/Factory | Lost 10 parts (2p4n3u1w) 9695 | -7/Factory | Destroyed by exploding Fusion Modulator Last Messages --------------- 09645_ Acquired Datajack. 09646_ System corrupted: Matter fused (-7). 09651_ Detecting nearby Garrison Access. 09656_ RIF reveals location of hidden door. 09660_ Acquired Adv. ECM Suite. 09663_ Connecting with Terminal... 09665_ Acquired Airjet. 09672_ ARRH0WSSQ|<#ASA LTW3,T 09672_ Penetrated by Slug. 09672_ Acquired Prototype Flight Unit. 09672_ Identified Imp. VTOL Module. 09675_ Jacked H-55 Commando... >>formatsys_high Rerouting network defenses. Erasing system data. Installing primary routines, ETC: 6. 09681_ Commando 4a reactivates. 09692_ Acquired Gravmag System. 09693_ Acquired Mic. Nuclear Core. 09695_ Fusion Modulator explodes. Map ----- +----------------------------------------------------+ | ?????????????????????????????????????????????????? | | ?????????????????????????????????????????????????? | | ?????????????????????????????????????????????????? | | ?????????????????????????????????????????????????? | | ?????????????????????????????????????????????????? | | ?????????????????????????????????????????????????" | | ????????????????????????????????????????????????"" | | ???????????????????????????????????????????????""" | | ???????????????????????????????????????????? ? | | ???????????????????????????????????????? ??"" """ | | ???????????????????????????????????????# """ """ | | ???????????????????????????????????????# """ """ | | ???????????????????????????????????????# | | ???????????????????????????????????????# ! | | ???????????????????????????????????????# | | ???????????????????????????????????????# | | ??????????????????????#???????#######??# | | ??????????????????????# ??????# #??# | | ????????????????????## ###### ### [# | | ????????????? # | | ????????????????????## ## ### ### # ##### | | ??????????????????????????# #?# #?##+##+##### | | ??????????????????????????#=#?###+##### + | | ??????????????????????????#%#??# # ## | | ??????????????????#####+##;+#### # """ #? | | ??????????????????# @ [[ # # """ #? | | ??????????????????# | # """ # """ #? | | ??????????????????# # """ # "T" #? | | ??????????????????# # """ + """ #? | | ??????????????????# ;####### #? | | ??????????????????# #????############? | | ??????????????????# ; ? ????????? | | ??????????????????# ; ????????? | | ??????????????????# ; ???????? | | ??????????????????/ h # ???????? | | ?????????????????## # ?????????? | | ??????????????????# # #???????????? | | ?????????????????###+#######+### #???????????? | | ?????????????????# #???????????? | | ?????????????????# #???????????? | | ?????????????????# #???????????? | | ?????????????????# #???????????? | | ????????????? #???????????? | | ??????????????######+#######+#####+###???????????? | | ???????????????????????????# ??????????????????? | | ???????????????????????????# ????????????????? | | ???????????????????????????# ??????????????? | | ???????????????????????????# """ """ ????????????? | | ???????????????????????????# """ """ #???????????? | | ???????????????????????????# """ """ ????????????? | +----------------------------------------------------+ Best States ------------- Heat Dissipation 62 Coolant Potential 65 Energy Generation 16 Energy Capacity 290 Matter Stores 300 Matter Capacity 300 Sight Range 16 Robot Scan Range 14 Terrain Scan Density 10 Armor Coverage 900 Core Shielding 20 Evasion (%) 63 Targeting Accuracy 5 Recoil Reduction 4 Defensive Hacking 10 Relay Coupler Types 2 Relay Coupler Value 47 Item Schematics ----------------- None Robot Schematics ------------------ None Fabricated ------------ Nothing Alien Tech Used ----------------- None Achievements -------------- Part-time Excavator Challenges ------------ None Game ------ Seed TransportFieldCarapace Manual? 0 Play Time 01:16:09 Cumulative 15.4 hours Start 2024.08.10 @ 09:33:28 End 2024.08.11 @ 05:13:05 Sessions 2 Manual Loads 0 Difficulty Rogue Special Mode None Game No. 7 Rogue 7 Adventurer 0 Explorer 0 Win Type - Total 0 Types 0/0/0/0/0/0/0/0/0 Lore% 17 Gallery% 26 Achievement% 30 Wizard Run 0 Options --------- Layout 0 ASCII 0 Keyboard 0 Movement Mouse Keybinds 0 Fullscreen 1 Font 24/Smallcaps Map View 183x50 Zoom Use 0% Tactical HUD 1 Map Filters NONE Filters NONE Steam 0 RUN: ced9e517-50ac-4e9b-897e-51f242fc9c55